AoeStats
← Rikitiki

Arabia

507191248Analyzed
1v1 RM · 16d ago on Sep 17, 2026· 33m 25s· 2 players
Game mode
Random Map
Map size
Tiny (2 player)
Population
200
Speed
Normal
Resources
Standard
Victory
Conquest
Starting age
Dark Age
Ending age
Imperial Age
RankedLock teamsTeams togetherTeam positionsShared explorationLock speedFull tech treeHidden civsTurbo modeCheats
Victory
Defeat
🇲🇽 Bohemians · Mexico
1158
+15
🇵🇪 Georgians · Peru
1142
-15
Rikitiki
5:27 Loom
8:29 Feudal Age
9:36 Double-Bit Axe
16:55 Town Watch
20:07 Castle Age
17:57 Horse Collar
19:35 Bloodlines
20:07 Forging
21:33 Wheelbarrow
20:54 Fletching
21:52 Padded Archer Armor
22:20 Bow Saw
23:46 Bodkin Arrow
23:25 Elite Skirmisher
27:08 Ballistics
28:40 Leather Archer Armor
29:04 Town Patrol
King_gerard_I
0:54 Loom
12:30 Feudal Age
19:06 Castle Age
21:11 Chemistry
21:49 Padded Archer Armor
Connection lost

Rejoining the realm…

Still unreachable

The connection could not be restored.

Session expired

The server has moved on; the page needs a fresh start.